[Event "FRA-chT Top 12 2019"]
[Site "Brest"]
[Date "2019.05.20"]
[Round "3.6"]
[White "Milliet, Sophie"]
[Black "Relange, Eloi"]
[Result "1-0"]
[ECO "C41"]
[WhiteElo "2400"]
[BlackElo "2456"]
[Annotator "RC"]
[PlyCount "67"]
[EventDate "2019.05.18"]
[EventType "team-tourn"]
[EventCountry "FRA"]
[SourceTitle "playchess.com"]
[Source "ChessBase"]
[SourceQuality "1"]
[TimeControl "40/5400+30:1800+30"]

1. e4 d6 2. d4 Nf6 3. Nc3 e5 4. Nf3 Nbd7 5. Bc4 Be7 6. O-O O-O 7. a4 c6 8. h3 b6 9. Qe2 Bb7 10. Rd1 Qc7 11. Ba2 a6 12. Nh4 g6 13. Bh6 Rfc8 14. dxe5 Nxe5 15. f4 Ned7 16. Nf3 Re8 17. e5 Nd5 18. e6 Bf8 19. exf7+ Kxf7 20. Ng5+ Kg8 21. Nxd5 cxd5 22. Rxd5 Bxd5 23. Bxd5+ Kh8 24. Nf7+ Kg8 25. Ng5+ Kh8 26. Nf7+ Kg8 27. Nxd6+ Kh8 28. Nf7+ Kg8 29. Nd6+ Kh8 30. Nxe8 Qc5+ 31. Kh1 Qxd5 32. Bxf8 Qf7 33. Bg7+ Kg8 34. Re1 1-0

[Event "FRA-chT Top 12 2019"]
[Site "Brest"]
[Date "2019.05.20"]
[Round "3.8"]
[White "Nelis, Jean-Francois"]
[Black "Le Roux, Jean-Pierre"]
[Result "0-1"]
[ECO "B06"]
[WhiteElo "2149"]
[BlackElo "2539"]
[Annotator "RC"]
[PlyCount "58"]
[EventDate "2019.05.18"]
[EventType "team-tourn"]
[EventCountry "FRA"]
[SourceTitle "playchess.com"]
[Source "ChessBase"]
[SourceQuality "1"]
[TimeControl "40/5400+30:1800+30"]

1. e4 g6 2. d4 Bg7 3. Nc3 a6 4. Be3 b5 5. a3 d6 6. f4 Nd7 7. Be2 Bb7 8. Bf3 e5 9. dxe5 dxe5 10. f5 gxf5 11. exf5 e4 12. Be2 Bh6 13. Qd4 Qf6 14. Qxf6 Ndxf6 15. Kf2 Bxe3+ 16. Kxe3 Ne7 17. Nh3 Rg8 18. g4 Nxg4+ 19. Bxg4 Rxg4 20. Raf1 Rh4 21. Ng5 h6 22. Ngxe4 Bxe4 23. Nxe4 Nd5+ 24. Kd3 O-O-O 25. Ng3 Rc4 26. Rc1 h5 27. Ke2 Re8+ 28. Kf2 Rf4+ 29. Kg2 h4 0-1

[Event "FRA-chT Top 12 2019"]
[Site "Brest"]
[Date "2019.05.20"]
[Round "3.8"]
[White "Haussernot, Cecile"]
[Black "Bolon, Karelle"]
[Result "1-0"]
[ECO "C00"]
[WhiteElo "2097"]
[BlackElo "2018"]
[Annotator "NA RC"]
[PlyCount "83"]
[EventDate "2019.05.18"]
[EventType "team-tourn"]
[EventCountry "FRA"]
[SourceTitle "playchess.com"]
[Source "ChessBase"]
[SourceQuality "1"]
[TimeControl "40/5400+30:1800+30"]

1. e4 e6 2. d3 d5 3. Nd2 c5 4. g3 Bd6 5. Bg2 Ne7 6. Ngf3 Nbc6 7. O-O b6 8. Re1 {[%emt 0:00:19] A08: King's Indian Attack} (8. Nh4 Bb7 9. f4 Qd7 10. c3 Bc7 11. e5 O-O-O 12. Ndf3 d4 13. c4 f6 14. exf6 gxf6 15. Bd2 Ng6 {½-½ (48) Nevednichy,V (2566)-Navara,D (2647) Warsaw 2005}) 8... Qc7 9. Qe2 Qd7 10. e5 $146 ({Predecessor:} 10. b3 Bb7 11. Bb2 d4 12. a4 e5 13. Nc4 O-O 14. Nh4 Ba6 15. Nf5 Bxc4 16. bxc4 {1-0 (28) Lenic,L (2257)-Papargiriou,A Heraklio 2002}) 10... Bc7 11. Nf1 Bb7 12. c3 h6 13. Bd2 g5 (13... a5 $15) 14. h3 Ng6 (14... d4 $11 {remains equal.}) 15. d4 a5 16. N1h2 Ba6 17. Qe3 Nce7 18. Bc1 Nf5 19. Qd2 O-O-O (19... Bd8 $14) 20. Ng4 c4 21. Nf6 Qc6 22. b3 $16 Ng7 23. Qc2 Ne8 24. Nh5 Kb8 25. Nd2 cxb3 26. axb3 Rc8 27. b4 Bd8 28. Bb2 Bc4 29. bxa5 bxa5 30. Nxc4 Qxc4 31. Ra4 Qc6 32. c4 Bb6 33. Bc3 Rc7 34. c5 Bxc5 35. dxc5 Qxc5 36. Rb1+ Kc8 37. Rc1 Kd7 38. Rxa5 Qe7 39. Qa4+ Rc6 40. Bb4 Qxb4 41. Ra7+ Nc7 42. Qxc6+ 1-0

[Event "FRA-chT Top 12 2019"]
[Site "Brest"]
[Date "2019.05.21"]
[Round "4.3"]
[White "Lagarde, Maxime"]
[Black "Colin, Vincent"]
[Result "1-0"]
[ECO "B32"]
[WhiteElo "2600"]
[BlackElo "2383"]
[Annotator "RC"]
[PlyCount "79"]
[EventDate "2019.05.18"]
[EventType "team-tourn"]
[EventCountry "FRA"]
[SourceTitle "playchess.com"]
[Source "ChessBase"]
[SourceQuality "1"]
[TimeControl "40/5400+30:1800+30"]

1. e4 c5 2. Nf3 Nc6 3. d4 cxd4 4. Nxd4 e5 5. Nb5 d6 6. N1c3 a6 7. Na3 Be7 8. Be3 b5 9. Nd5 Rb8 10. c4 b4 11. Nc2 Nf6 12. Qd3 O-O 13. Be2 Nxd5 14. cxd5 Na5 15. a3 bxa3 16. b4 Nb7 17. Rxa3 f5 18. Rxa6 fxe4 19. Qd1 Qe8 20. O-O Nd8 21. Ra7 Rf7 22. b5 Bg5 23. Qa1 Bxe3 24. Nxe3 Nb7 25. Nc4 Qd8 26. Qa3 Rc7 27. Ra6 Bg4 28. Qe3 Bxe2 29. Qxe2 Rc5 30. Ne3 Na5 31. Rb1 Qc7 32. h4 Rc1+ 33. Rxc1 Qxc1+ 34. Kh2 Nb3 35. Qg4 Qc7 36. b6 Rxb6 37. Rxb6 Qxb6 38. Qc8+ Kf7 39. Qd7+ Kf8 40. Nf5 1-0

[Event "FRA-chT Top 12 2019"]
[Site "Brest"]
[Date "2019.05.21"]
[Round "4.3"]
[White "Sulava, Nenad"]
[Black "Santos Ruiz, Miguel"]
[Result "1/2-1/2"]
[ECO "A06"]
[WhiteElo "2422"]
[BlackElo "2549"]
[Annotator "RC"]
[PlyCount "33"]
[EventDate "2019.05.18"]
[EventType "team-tourn"]
[EventCountry "FRA"]
[SourceTitle "playchess.com"]
[Source "ChessBase"]
[SourceQuality "1"]
[TimeControl "40/5400+30:1800+30"]

1. Nf3 d5 2. e3 Nf6 3. c4 e6 4. b3 b6 5. Bb2 Bb7 6. Nc3 Nbd7 7. Qc2 a6 8. cxd5 exd5 9. d4 Bd6 10. g3 O-O 11. Bg2 Re8 12. O-O Qe7 13. Rac1 Ne4 14. Nxe4 dxe4 15. Ne5 Nf6 16. Nc4 Nd5 17. Nxd6 1/2-1/2

[Event "FRA-chT Top 12 2019"]
[Site "Brest"]
[Date "2019.05.21"]
[Round "4.8"]
[White "Verot, Melanie"]
[Black "Haussernot, Cecile"]
[Result "0-1"]
[ECO "D02"]
[WhiteElo "2069"]
[BlackElo "2097"]
[Annotator "NA RC"]
[PlyCount "114"]
[EventDate "2019.05.18"]
[EventType "team-tourn"]
[EventCountry "FRA"]
[SourceTitle "playchess.com"]
[Source "ChessBase"]
[SourceQuality "1"]
[TimeControl "40/5400+30:1800+30"]

1. d4 d5 2. Nf3 Nf6 3. Bf4 c5 4. c3 Qb6 5. Qc2 Nc6 6. e3 Bf5 {[%emt 0:12:11] D02: 1 d4 d5 2 Nf3 sidelines, including 2...Nf6 3 g3 and 2...Nf6 3 Bf4} (6... g6 7. Nbd2 Bg7 8. h3 O-O 9. Be2 Nd7 10. O-O e5 11. dxe5 Ndxe5 12. Nxe5 Nxe5 13. e4 dxe4 14. Nxe4 {½-½ (23) Laznicka,V (2668)-Nisipeanu,L (2674) Germany 2019}) 7. dxc5 Bxc2 8. cxb6 Bxb1 9. Rxb1 axb6 10. Bb5 Nd7 11. O-O e6 12. Rfd1 $146 ({Predecessor:} 12. a3 Be7 13. Nd4 Ncb8 14. Bxb8 Rxb8 15. Nf3 Bf6 16. Rfd1 Rd8 17. c4 Ke7 18. cxd5 exd5 19. Rxd5 Nc5 20. Rbd1 Bxb2 21. Rxd8 {½-½ (21) Hestehauge,K (1918)-Jensen,S (2008) Copenhagen 2017}) 12... Rxa2 13. c4 (13. e4 $16 Nf6 14. exd5 Nxd5 15. Bc4) 13... dxc4 14. Bxc4 Ra5 15. Ra1 Bb4 16. Rxa5 bxa5 17. Bb5 Ke7 18. h4 Nb6 19. e4 Rc8 20. Be3 Nd7 21. Ne1 Nc5 22. f3 Nb3 23. Kf1 Ne5 24. Ba4 Nc5 25. Bb5 Nb3 26. Ba4 Nc4 27. Rd7+ Kf8 28. Bxb3 Nxe3+ 29. Kf2 Bxe1+ 30. Kxe3 b5 31. Rb7 Rc5 32. Rb8+ Ke7 33. Rb7+ Kf6 34. Bd1 Bxh4 35. Be2 b4 36. f4 g5 37. e5+ Kg6 38. Bb5 Bg3 39. fxg5 Rxe5+ 40. Kf3 Bh4 41. g4 Bxg5 42. Be8 Re3+ 43. Kf2 Rb3 44. Rxf7 Rxb2+ 45. Kf3 Kh6 46. Ra7 Rb3+ 47. Ke2 Re3+ 48. Kd1 b3 49. Rxa5 Bf6 50. Ba4 b2 51. Rb5 Bc3 $19 52. g5+ Kg7 53. Rb7+ Kf8 54. Rb8+ Ke7 55. Rb7+ Kd6 56. Rd7+ Ke5 57. Kc2 Re1 0-1

[Event "FRA-chT Top 12 2019"]
[Site "Brest"]
[Date "2019.05.22"]
[Round "5.1"]
[White "Amin, Bassem"]
[Black "Nihal Sarin"]
[Result "1-0"]
[ECO "A05"]
[WhiteElo "2704"]
[BlackElo "2598"]
[Annotator "RC"]
[PlyCount "59"]
[EventDate "2019.05.18"]
[EventType "team-tourn"]
[EventCountry "FRA"]
[SourceTitle "playchess.com"]
[Source "ChessBase"]
[SourceQuality "1"]
[TimeControl "40/5400+30:1800+30"]

1. Nf3 Nf6 2. g3 b5 3. Bg2 Bb7 4. O-O e6 5. d3 c5 6. e4 d6 7. a4 b4 8. a5 Be7 9. Nbd2 O-O 10. Nc4 Nbd7 11. Bf4 d5 12. a6 Bc6 13. Na5 Bb5 14. e5 Ne8 15. c4 bxc3 16. bxc3 Rc8 17. c4 Bxa6 18. cxd5 exd5 19. Bh3 Nb6 20. Bxc8 Qxc8 21. Nc6 Qxc6 22. Rxa6 Nc7 23. Rxa7 Re8 24. Qb3 Nc8 25. Ra5 d4 26. e6 Qxe6 27. Qb7 Nd5 28. Re1 Qb6 29. Qxb6 Ncxb6 30. Bd6 1-0

[Event "FRA-chT Top 12 2019"]
[Site "Brest"]
[Date "2019.05.22"]
[Round "5.5"]
[White "Vitoux, Colomban"]
[Black "Naiditsch, Arkadij"]
[Result "0-1"]
[ECO "B30"]
[WhiteElo "2384"]
[BlackElo "2682"]
[Annotator "RC"]
[PlyCount "118"]
[EventDate "2019.05.18"]
[EventType "team-tourn"]
[EventCountry "FRA"]
[SourceTitle "playchess.com"]
[Source "ChessBase"]
[SourceQuality "1"]
[TimeControl "40/5400+30:1800+30"]

1. e4 c5 2. Nf3 Nc6 3. Nc3 e6 4. g3 a6 5. Bg2 b5 6. O-O Bb7 7. Re1 Rc8 8. a4 b4 9. Nd5 d6 10. Ne3 Be7 11. Nc4 h5 12. c3 Nf6 13. d3 Ng4 14. d4 bxc3 15. bxc3 cxd4 16. Rb1 Ba8 17. cxd4 Nb4 18. Na3 Na2 19. Qd3 Nc3 20. Ra1 d5 21. exd5 Nxd5 22. Qxa6 O-O 23. Bd2 Nb4 24. Qb5 Bxf3 25. Bxf3 Qxd4 26. Bxg4 Qxd2 27. Qe2 Qg5 28. Bxe6 Rc3 29. Bh3 Bc5 30. Qe5 Qxe5 31. Rxe5 Nd3 32. Nb5 Bxf2+ 33. Kf1 Rb3 34. Re2 Bc5 35. Bg2 Nb4 36. Nc7 Rb8 37. Nd5 Nd3 38. Be4 Ne5 39. Bc2 Rb2 40. Rxe5 Rxc2 41. Re2 Rxe2 42. Kxe2 Rb2+ 43. Kd3 Rxh2 44. a5 Rg2 45. Kc4 Bg1 46. Ra3 Rd2 47. Nb4 Kh7 48. a6 Rd4+ 49. Kb5 Rg4 50. Nd5 Rd4 51. Kc6 Rc4+ 52. Kb7 Kh6 53. Ra1 Bd4 54. Rd1 Bc5 55. Nb6 Rb4 56. Rd6+ Bxd6 57. a7 Bxg3 58. a8=Q Bf2 59. Qa2 Rxb6+ 0-1

[Event "FRA-chT Top 12 2019"]
[Site "Brest"]
[Date "2019.05.22"]
[Round "5.6"]
[White "Rambaldi, Francesco"]
[Black "Ludwig, Remi"]
[Result "1-0"]
[ECO "A05"]
[WhiteElo "2558"]
[BlackElo "2312"]
[Annotator "RC"]
[PlyCount "101"]
[EventDate "2019.05.18"]
[EventType "team-tourn"]
[EventCountry "FRA"]
[SourceTitle "playchess.com"]
[Source "ChessBase"]
[SourceQuality "1"]
[TimeControl "40/5400+30:1800+30"]

1. Nf3 Nf6 2. g3 g6 3. b3 d5 4. c4 d4 5. b4 Bg7 6. d3 O-O 7. Bg2 c5 8. bxc5 Nfd7 9. O-O Nxc5 10. Nbd2 Qc7 11. Nb3 e5 12. Nxc5 Qxc5 13. Ng5 Qe7 14. Qb3 Na6 15. Bd5 Nc5 16. Qb4 a5 17. Qa3 Bf5 18. Ne4 Bxe4 19. Bxe4 Rfe8 20. Bd5 e4 21. Bg5 Qxg5 22. Qxc5 Qf5 23. Rab1 exd3 24. exd3 Rab8 25. Qc7 b5 26. Qxa5 bxc4 27. Rxb8 Rxb8 28. Qa7 Rb2 29. Bxc4 h5 30. Qa8+ Bf8 31. h4 Qf6 32. a4 Kg7 33. a5 Bc5 34. Qd5 Ba7 35. a6 Re2 36. Kg2 Re5 37. Qb7 Re7 38. Qf3 Qxf3+ 39. Kxf3 Kf6 40. Rb1 Kg7 41. Rb5 f5 42. Bd5 Kf6 43. Rb7 Rxb7 44. Bxb7 g5 45. Kg2 g4 46. f4 gxf3+ 47. Bxf3 Kg6 48. Kf1 Bb8 49. Ke2 Kh6 50. Kd1 Kg6 51. Kc2 1-0

[Event "FRA-chT Top 12 2019"]
[Site "Brest"]
[Date "2019.05.22"]
[Round "5.7"]
[White "Brochet, Philippe"]
[Black "Jeanne, Mickael"]
[Result "1/2-1/2"]
[ECO "C01"]
[WhiteElo "2400"]
[BlackElo "2150"]
[Annotator "RC"]
[PlyCount "86"]
[EventDate "2019.05.18"]
[EventType "team-tourn"]
[EventCountry "FRA"]
[SourceTitle "playchess.com"]
[Source "ChessBase"]
[SourceQuality "1"]
[TimeControl "40/5400+30:1800+30"]

1. e4 e6 2. d4 d5 3. exd5 exd5 4. Nf3 Bd6 5. c4 Nf6 6. c5 Be7 7. Qa4+ c6 8. Bd3 O-O 9. Nc3 Re8 10. O-O Nbd7 11. Re1 Nf8 12. h3 Ng6 13. Ne5 Nxe5 14. Rxe5 Nd7 15. Re2 Bf6 16. Rxe8+ Qxe8 17. Bf4 Qd8 18. Re1 Nf8 19. Be5 Bxe5 20. Rxe5 Be6 21. b4 b5 22. cxb6 axb6 23. Qc2 b5 24. Re1 Qe7 25. Qb2 Qa7 26. Rd1 Qa3 27. Qxa3 Rxa3 28. Rc1 Bd7 29. Kf1 g6 30. Ke2 Ne6 31. Ke3 f5 32. f4 Kf7 33. Rc2 h6 34. g3 Kf6 35. h4 Ra8 36. Rf2 h5 37. Rc2 Ra3 38. Ne2 Ra4 39. Rb2 Ke7 40. Bc2 Ra3+ 41. Bb3 Kd6 42. Nc3 Nc7 43. Re2 Ra8 {[%emt 0:00:00] Ke4 Ke5+} 1/2-1/2

[Event "FRA-chT Top 12 2019"]
[Site "Brest"]
[Date "2019.05.22"]
[Round "5.8"]
[White "De Seroux, Camille"]
[Black "Verot, Melanie"]
[Result "1-0"]
[ECO "B24"]
[WhiteElo "2143"]
[BlackElo "2069"]
[Annotator "NA RC"]
[PlyCount "91"]
[EventDate "2019.05.18"]
[EventType "team-tourn"]
[EventCountry "FRA"]
[SourceTitle "playchess.com"]
[Source "ChessBase"]
[SourceQuality "1"]
[TimeControl "40/5400+30:1800+30"]

1. e4 c5 2. Nc3 Nc6 3. Bb5 Nd4 4. Bc4 e6 5. Nf3 Nf6 6. O-O a6 7. d3 {[%emt 0:00:14] B30: Sicilian: 2...Nc6 3 Bb5, lines without ...g6} (7. Bb3 d6 8. d3 Nxb3 9. axb3 Be7 10. d4 cxd4 11. Qxd4 O-O 12. Rd1 e5 13. Qd3 h6 14. Nd2 b5 {½-½ (58) Inarkiev,E (2730)-Gelfand,B (2734) Magas 2016}) 7... b5 8. Bb3 Nxb3 9. axb3 Bb7 10. e5 b4 11. Nb1 Nd5 12. Nbd2 d6 $146 ({Predecessor:} 12... Be7 13. Nc4 O-O 14. Na5 Bc8 {0-1 (45) Shavtvaladze,N (2430)-Vouldis,A (2524) Athens 2004}) 13. Nc4 dxe5 14. Nfxe5 Bd6 15. Qg4 Bxe5 16. Nxe5 Qf6 17. Re1 h5 18. Qg3 h4 19. Qg4 Ne7 20. h3 Qf5 21. Ra5 Qxg4 22. Nxg4 Rc8 23. Ne5 Nd5 24. Nc4 Ke7 25. Re4 f6 26. Re2 g5 27. f3 Rhg8 28. Bd2 f5 29. Ne5 Nf4 30. Rf2 Nd5 31. Be1 Rc7 32. Re2 Nf4 33. Rd2 Kf6 34. Rxc5 Rh7 35. d4 g4 36. fxg4 Ng6 37. Rf2 Rd8 38. Nxg6 Kxg6 39. gxf5+ exf5 40. Rcxf5 Bd5 41. Bxb4 $18 Be4 42. Rf6+ Kh5 43. Re2 Rxd4 44. Bc3 Rd1+ 45. Kf2 Bg6 46. Bd2 1-0

[Event "FRA-chT Top 12 2019"]
[Site "Brest"]
[Date "2019.05.22"]
[Round "5.8"]
[White "Fruteau, Sabine"]
[Black "Bolon, Karelle"]
[Result "0-1"]
[ECO "A92"]
[WhiteElo "2015"]
[BlackElo "2018"]
[Annotator "NA RC"]
[PlyCount "70"]
[EventDate "2019.05.18"]
[EventType "team-tourn"]
[EventCountry "FRA"]
[SourceTitle "playchess.com"]
[Source "ChessBase"]
[SourceQuality "1"]
[TimeControl "40/5400+30:1800+30"]

1. Nf3 e6 2. g3 f5 3. Bg2 Nf6 4. d4 Be7 5. c4 O-O 6. Nc3 d6 7. O-O Ne4 8. Qc2 Nxc3 9. bxc3 Nc6 10. d5 Na5 11. dxe6 Bxe6 12. Nd4 Bxc4 13. Nxf5 Bf6 14. Ne3 Be6 15. Rb1 Qd7 16. Nd5 Bd8 17. Nf4 Bf7 18. h4 c6 19. Be4 h6 20. Bh7+ Kh8 21. Bf5 Qe7 22. c4 Nxc4 23. Be6 Ne5 24. Bb2 Bxe6 25. Bxe5 Bf5 26. Bxg7+ Qxg7 27. e4 Bg4 28. Qd2 Bf6 29. h5 Bg5 30. Ng6+ Qxg6 31. hxg6 Bxd2 32. Rxb7 Rfb8 33. Rc7 Rc8 34. Rb7 Rab8 35. Rxa7 Bf3 0-1

[Event "FRA-chT Top 12 2019"]
[Site "Brest"]
[Date "2019.05.23"]
[Round "6.1"]
[White "Villegas, Pierre"]
[Black "Landa, Konstantin"]
[Result "0-1"]
[ECO "D20"]
[WhiteElo "2354"]
[BlackElo "2622"]
[Annotator "RC"]
[PlyCount "84"]
[EventDate "2019.05.18"]
[EventType "team-tourn"]
[EventCountry "FRA"]
[SourceTitle "playchess.com"]
[Source "ChessBase"]
[SourceQuality "1"]
[TimeControl "40/5400+30:1800+30"]

1. d4 d5 2. c4 dxc4 3. e3 e5 4. Bxc4 exd4 5. exd4 Bd6 6. Nf3 Nf6 7. Qe2+ Qe7 8. Qxe7+ Bxe7 9. O-O O-O 10. Re1 Bd6 11. Bg5 a6 12. Nc3 Nbd7 13. Bb3 b5 14. Nd5 a5 15. Bxf6 Nxf6 16. Nxf6+ gxf6 17. Bd5 Ra6 18. Rac1 Bd7 19. g3 a4 20. Re2 Rd8 21. Nd2 Kg7 22. Kg2 h6 23. Ne4 f5 24. Nxd6 Rxd6 25. Bf3 c6 26. Rec2 Rxd4 27. Bxc6 Be6 28. Bxb5 Bd5+ 29. Kf1 Be4 30. Rc8 Rxc8 31. Rxc8 Rb4 32. Be8 Rxb2 33. Bxa4 Bf3 34. Rc1 Rxa2 35. Bc6 Be4 36. Bxe4 fxe4 37. Re1 f5 38. g4 fxg4 39. Rxe4 h5 40. Kg2 Ra3 41. Re3 Rxe3 42. fxe3 h4 0-1

[Event "FRA-chT Top 12 2019"]
[Site "Brest"]
[Date "2019.05.23"]
[Round "6.2"]
[White "Safarli, Eltaj"]
[Black "Hamitevici, Vladimir"]
[Result "0-1"]
[ECO "B12"]
[WhiteElo "2624"]
[BlackElo "2476"]
[Annotator "RC"]
[PlyCount "90"]
[EventDate "2019.05.18"]
[EventType "team-tourn"]
[EventCountry "FRA"]
[SourceTitle "playchess.com"]
[Source "ChessBase"]
[SourceQuality "1"]
[TimeControl "40/5400+30:1800+30"]

1. e4 c6 2. d4 d5 3. e5 Bf5 4. h4 h6 5. g4 Be4 6. Rh3 e6 7. Nc3 Bh7 8. Be3 Nd7 9. Qd2 h5 10. f3 c5 11. dxc5 a6 12. Na4 Qc7 13. Nb6 Nxb6 14. cxb6 Qxe5 15. f4 Qd6 16. g5 Bf5 17. Rg3 Be4 18. Ne2 Ne7 19. Bh3 Rc8 20. c3 Ng6 21. O-O-O Nxh4 22. Bd4 Rc6 23. Re3 Nf3 24. Rxf3 Bxf3 25. Re1 Bg4 26. Bxg4 hxg4 27. f5 Qh2 28. g6 fxg6 29. Bg1 Qg2 30. Qg5 Qe4 31. Qxg6+ Kd7 32. Qf7+ Be7 33. Qxg7 Rf8 34. Bf2 Qxf5 35. Be3 Rf7 36. Qh8 Rc8 37. Qd4 Rc4 38. Qd2 Bh4 39. Rh1 Qe4 40. Rd1 Bf2 41. Bxf2 Rxf2 42. Re1 Rc8 43. b3 Qe5 44. Kd1 Rh8 45. Qd3 Rhh2 0-1

[Event "FRA-chT Top 12 2019"]
[Site "Brest"]
[Date "2019.05.23"]
[Round "6.2"]
[White "Brochet, Philippe"]
[Black "Naiditsch, Arkadij"]
[Result "1/2-1/2"]
[ECO "B91"]
[WhiteElo "2400"]
[BlackElo "2682"]
[Annotator "ChessBase"]
[PlyCount "83"]
[EventDate "2019.05.18"]
[EventType "team-tourn"]
[EventCountry "FRA"]
[SourceTitle "playchess.com"]
[Source "ChessBase"]
[SourceQuality "1"]
[TimeControl "40/5400+30:1800+30"]

1. e4 c5 2. Nc3 a6 3. Nf3 d6 4. d4 cxd4 5. Nxd4 Nf6 6. g3 g6 7. Bg2 Bg7 8. O-O O-O 9. a4 Bd7 10. Nd5 Nc6 11. Nxc6 bxc6 12. Nxf6+ Bxf6 13. Rb1 Rb8 14. Qe2 Qc8 15. b3 c5 16. Bf4 Bg4 17. Bf3 Bxf3 18. Qxf3 Qc6 19. Qe2 Rb4 20. f3 Bg7 21. Bd2 Rb7 22. c4 Rfb8 23. Qd3 Qc8 24. Kg2 Qe6 25. Rfd1 f5 26. Be1 fxe4 27. fxe4 h5 28. h3 Kh7 29. Qe3 Rf8 30. Rd3 Bd4 31. Qe2 Rbb8 32. Rf3 Rf6 33. Rd1 Qe5 34. Bd2 h4 35. g4 d5 36. cxd5 c4 37. bxc4 Rb2 38. Kh1 Bc5 39. g5 Rxf3 40. Qxf3 Rb3 41. Qf7+ Qg7 42. Qxg7+ 1/2-1/2

[Event "FRA-chT Top 12 2019"]
[Site "Brest"]
[Date "2019.05.23"]
[Round "6.3"]
[White "Rodshtein, Maxim"]
[Black "Colin, Vincent"]
[Result "1-0"]
[ECO "E06"]
[WhiteElo "2699"]
[BlackElo "2383"]
[Annotator "ChessBase"]
[PlyCount "49"]
[EventDate "2019.05.18"]
[EventType "team-tourn"]
[EventCountry "FRA"]
[SourceTitle "playchess.com"]
[Source "ChessBase"]
[SourceQuality "1"]
[TimeControl "40/5400+30:1800+30"]

1. d4 Nf6 2. c4 e6 3. Nf3 d5 4. g3 Be7 5. Bg2 O-O 6. Nc3 b6 7. cxd5 exd5 8. O-O Bb7 9. Bf4 Na6 10. Rc1 c5 11. Ne5 Rb8 12. e3 h6 13. Ng4 Ra8 14. dxc5 Nxc5 15. Nxf6+ Bxf6 16. Nxd5 Bxb2 17. Rc2 Ba3 18. Bc7 Qe8 19. Bd6 Rd8 20. Bxf8 Kxf8 21. Rd2 Ne4 22. Rd4 Nd6 23. Qd3 Bc5 24. Qh7 f6 25. Rg4 1-0

[Event "FRA-chT Top 12 2019"]
[Site "Brest"]
[Date "2019.05.23"]
[Round "6.3"]
[White "Demuth, Adrien"]
[Black "Van Wely, Loek"]
[Result "0-1"]
[ECO "B40"]
[WhiteElo "2517"]
[BlackElo "2600"]
[Annotator "RC"]
[PlyCount "86"]
[EventDate "2019.05.18"]
[EventType "team-tourn"]
[EventCountry "FRA"]
[SourceTitle "playchess.com"]
[Source "ChessBase"]
[SourceQuality "1"]
[TimeControl "40/5400+30:1800+30"]

1. e4 c5 2. Nf3 e6 3. b3 b6 4. d4 cxd4 5. Nxd4 a6 6. Bb2 Bb7 7. Nd2 d6 8. c4 Nf6 9. Bd3 g6 10. O-O Bg7 11. Qe2 Nbd7 12. Rad1 O-O 13. Bb1 Qc7 14. f4 e5 15. fxe5 Nxe5 16. Nc2 Rae8 17. Ne3 Ned7 18. Qf3 Re7 19. Kh1 Rfe8 20. Nd5 Bxd5 21. cxd5 Nxe4 22. Nxe4 Bxb2 23. Qf2 Bg7 24. Rc1 Nc5 25. b4 Nxe4 26. Bxe4 Qd7 27. Bd3 b5 28. Qb6 Qg4 29. Qxa6 Be5 30. Rf3 Qh4 31. Rh3 Qxb4 32. Bxb5 Rb8 33. Bf1 Qd2 34. Qc4 Rb2 35. Rd3 Qh6 36. Rh3 Qg5 37. a4 Reb7 38. a5 R7b4 39. Qc8+ Kg7 40. Rf3 Rf4 41. Rg3 Qf6 42. Qa6 Rh4 43. Rf3 Qxf3 0-1

[Event "FRA-chT Top 12 2019"]
[Site "Brest"]
[Date "2019.05.23"]
[Round "6.3"]
[White "Lefebvre, Herve"]
[Black "Karthikeyan, Murali"]
[Result "0-1"]
[ECO "B42"]
[WhiteElo "2291"]
[BlackElo "2596"]
[Annotator "RC"]
[PlyCount "52"]
[EventDate "2019.05.18"]
[EventType "team-tourn"]
[EventCountry "FRA"]
[SourceTitle "playchess.com"]
[Source "ChessBase"]
[SourceQuality "1"]
[TimeControl "40/5400+30:1800+30"]

1. e4 c5 2. Nf3 e6 3. d4 cxd4 4. Nxd4 a6 5. Bd3 Nf6 6. O-O d6 7. Qe2 g6 8. c4 Bg7 9. Nc3 Nc6 10. Nxc6 bxc6 11. b3 O-O 12. Ba3 c5 13. Bb2 Nh5 14. g3 Bd4 15. Qd2 Bb7 16. Rae1 Qa5 17. Qc2 Nf6 18. Kg2 Ng4 19. Be2 f5 20. Kg1 Nxf2 21. Rxf2 fxe4 22. Ref1 Rxf2 23. Rxf2 Rf8 24. Nd1 Qe1+ 25. Bf1 Bxf2+ 26. Nxf2 e3 0-1

[Event "FRA-chT Top 12 2019"]
[Site "Brest"]
[Date "2019.05.23"]
[Round "6.4"]
[White "Wirig, Anthony"]
[Black "Riff, Jean-Noel"]
[Result "1/2-1/2"]
[ECO "A46"]
[WhiteElo "2516"]
[BlackElo "2494"]
[Annotator "ChessBase"]
[PlyCount "41"]
[EventDate "2019.05.18"]
[EventType "team-tourn"]
[EventCountry "FRA"]
[SourceTitle "playchess.com"]
[Source "ChessBase"]
[SourceQuality "1"]
[TimeControl "40/5400+30:1800+30"]

1. d4 Nf6 2. Nf3 e6 3. Bg5 c5 4. e3 h6 5. Bh4 Be7 6. Nbd2 O-O 7. c3 cxd4 8. cxd4 b6 9. Bxf6 Bxf6 10. Bd3 Bb7 11. O-O d6 12. Qe2 Nd7 13. Rac1 Rc8 14. Ba6 Bxa6 15. Qxa6 Rc7 16. Ne4 Be7 17. Rxc7 Qxc7 18. Nc3 Nb8 19. Qa4 a6 20. Rc1 Rc8 21. Qd1 1/2-1/2

[Event "FRA-chT Top 12 2019"]
[Site "Brest"]
[Date "2019.05.23"]
[Round "6.5"]
[White "Fressinet, Laurent"]
[Black "Cappon, John"]
[Result "1-0"]
[ECO "A04"]
[WhiteElo "2640"]
[BlackElo "2094"]
[Annotator "RC"]
[PlyCount "71"]
[EventDate "2019.05.18"]
[EventType "team-tourn"]
[EventCountry "FRA"]
[SourceTitle "playchess.com"]
[Source "ChessBase"]
[SourceQuality "1"]
[TimeControl "40/5400+30:1800+30"]

1. Nf3 f5 2. d3 d6 3. e4 e5 4. Nc3 Nc6 5. exf5 Bxf5 6. d4 Bg4 7. Bb5 exd4 8. Qxd4 Bxf3 9. gxf3 Qd7 10. Qe4+ Nge7 11. Bg5 a6 12. Bc4 Qf5 13. h4 Qxe4+ 14. fxe4 h6 15. Be3 g6 16. O-O-O h5 17. f4 Bh6 18. Be6 Rf8 19. Rdf1 Rf6 20. Bh3 Kf7 21. Bd2 Rf8 22. Ne2 Ke8 23. Kd1 Nd8 24. Rf3 d5 25. exd5 Nxd5 26. Re1 Kf7 27. Ng3 Kg8 28. f5 Bxd2 29. Kxd2 gxf5 30. Re5 Rd6 31. Nxf5 Nc6 32. Nxd6 Rxf3 33. Be6+ Kf8 34. Rxd5 Ke7 35. Nxb7 Kxe6 36. Rxh5 {[%emt 0:00:04] Kd5} 1-0

[Event "FRA-chT Top 12 2019"]
[Site "Brest"]
[Date "2019.05.23"]
[Round "6.5"]
[White "Istratescu, Andrei"]
[Black "Apicella, Manuel"]
[Result "0-1"]
[ECO "C06"]
[WhiteElo "2555"]
[BlackElo "2502"]
[Annotator "RC"]
[PlyCount "78"]
[EventDate "2019.05.18"]
[EventType "team-tourn"]
[EventCountry "FRA"]
[SourceTitle "playchess.com"]
[Source "ChessBase"]
[SourceQuality "1"]
[TimeControl "40/5400+30:1800+30"]

1. e4 e6 2. d4 d5 3. Nd2 Nf6 4. e5 Nfd7 5. c3 c5 6. Bd3 Nc6 7. Ne2 cxd4 8. cxd4 f6 9. exf6 Nxf6 10. O-O Bd6 11. Nf3 O-O 12. Bf4 Bxf4 13. Nxf4 Ne4 14. Qc1 Ng5 15. Nxg5 Qxg5 16. Ne2 Qf6 17. Qd2 Bd7 18. Bb5 Nb8 19. a4 Bc6 20. Bd3 Be8 21. Ra3 Nc6 22. Bb5 Ne7 23. Ng3 a6 24. Bxe8 Raxe8 25. Qb4 Nc6 26. Qxb7 Nxd4 27. Qxa6 Rb8 28. Ne2 Nb3 29. f4 Qxb2 30. Qxe6+ Kh8 31. Rxb3 Qxb3 32. Ng3 Qd3 33. f5 Rb1 34. Rxb1 Qxb1+ 35. Kf2 Qc2+ 36. Kf3 Qd1+ 37. Kf2 Qd4+ 38. Qe3 Qxa4 39. Qe5 Re8 0-1